 Dungeon Crawl Stone Soup version 0.18.1-50-g88ac8fd (webtiles) character file.

60 Nordron the Firebug (level 4, -1/24 HPs)
             Began as a Gargoyle Fire Elementalist on Sept 25, 2016.
             Killed from afar by Sigmund (6 damage)
             ... with a magic dart
             ... on level 2 of the Dungeon.
             The game lasted 00:10:49 (1473 turns).

Nordron the Firebug (Gargoyle Fire Elementalist)    Turns: 1473, Time: 00:10:50

Health: -1/24      AC:  5    Str: 11    XL:     4   Next: 6%
Magic:  0/8        EV: 12    Int: 17    God:
Gold:   97         SH:  0    Dex: 10    Spells: 2 memorised, 4 levels left

rFire  . . .     SeeInvis .     l - +0 mace
rCold  . . .     Gourm    .     a - +0 robe
rNeg   + . .     Faith    .     (no shield)
rPois  ∞         Spirit   .     (no helmet)
rElec  +         Dismiss  .     (no cloak)
rCorr  .         Reflect  .     (no gloves)
SustAt .         Harm     .     (no boots)
MR     .....                    (no amulet)
Stlth  ++........               (no ring)
                                (no ring)

@: not resistant to hostile enchantments, unstealthy
A: negative energy resistance 1, electricity resistance, unbreathing,
petrification resistance, rot immunity, AC +3
a: no special abilities


You were on level 2 of the Dungeon.
You were hungry.

You visited 1 branch of the dungeon, and saw 2 of its levels.

You collected 97 gold pieces.

Inventory:

Hand Weapons
 l - a +0 mace (weapon)
Armour
 a - a +0 robe (worn)
Scrolls
 f - 3 scrolls of identify {unknown}
 g - 2 scrolls of amnesia {unknown}
 j - a scroll of noise {unknown}
 k - 2 scrolls of remove curse {unknown}
 o - a scroll of blinking {unknown}
Potions
 d - a potion of ambrosia {unknown}
 e - a potion of beneficial mutation {unknown}
 h - a potion of degeneration {unknown}
 i - a potion of resistance {unknown}
 m - a potion of lignification {unknown}
 p - a potion of cure mutation {unknown}
Books
 b - a book of Flames

   Spells                             Type                      Level
   a - Flame Tongue                   Conjuration/Fire             1
   b - Throw Flame                    Conjuration/Fire             2
   c - Conjure Flame                  Conjuration/Fire             3
   d - Inner Flame                    Hexes/Fire                   3
   e - Sticky Flame                   Conjuration/Fire             4
   f - Fireball                       Conjuration/Fire             5
Comestibles
 c - 3 bread rations
 n - a beef jerky


   Skills:
 - Level 1.5 Dodging
 - Level 2.1 Stealth
 * Level 2.9 Spellcasting
 + Level 2.0 Conjurations
 + Level 3.8 Fire Magic


You had 4 spell levels left.
You knew the following spells:

 Your Spells              Type           Power        Failure   Level  Hunger
a - Flame Tongue          Conj/Fire      ##...        6%          1    #......
b - Conjure Flame         Conj/Fire      ##......     17%         3    ###....


Dungeon Overview and Level Annotations

Branches:
Dungeon (2/15)

Altars:
Gozag

Annotations:
D:2 Sigmund


Innate Abilities, Weirdness & Mutations

You are resistant to torment.
Your stone body is resilient (AC +3).
You are immune to poison.
You resist negative energy.
You are resistant to electric shocks.
You can survive without breathing.
You are immune to petrification.
You are immune to rotting.


Message History

The flame tongue misses Sigmund.
Sigmund hits you but does no damage.
Casting: Flame Tongue
Confirm with . or Enter, or press ? or * to list all spells.
Aiming: Flame Tongue
Press: ? - help, Shift-Dir - straight line, f/p - Sigmund
Aim: Sigmund, wielding an antimagic scythe and wearing an embroidered robe (lightly wounded)
The flame tongue hits Sigmund.
Sigmund is heavily wounded.
Sigmund casts a spell at you. The magic dart hits you!
Sigmund points at you and mumbles some strange words.
You are confused.
You feel less confused.
Sigmund hits you with an antimagic scythe!
* * * LOW HITPOINT WARNING * * *
You feel your power leaking away. Sigmund barely misses you.
Sigmund gestures at you while chanting. The magic dart hits you!
You die...

### ..##### ......#
..###.############# ..#
#.#...........# ..#
#.#...........+ ..#
#.#...........########
..###.#.........@.........
..#......##.@...##<.......
..#......###.############# ###
.........# #.# #..
###......###.##################.#
.........@<...................>..
###......###.#.###.########.###..
############.###..#######.#####
## #.....##.....##..............


You could see Sigmund.

Vanquished Creatures
  2 adders (D:2)
  An ooze (D:2)
  A giant gecko (D:2)
  2 giant cockroaches (D:2)
  4 goblins (D:2)
  4 hobgoblins
  2 quokkas (D:2)
  10 bats
  A giant newt (D:1)
  2 kobolds
  7 rats
36 creatures vanquished.

Notes
Turn   | Place    | Note
--------------------------------------------------------------
     0 | D:1      | Nordron the Gargoyle Fire Elementalist began the quest for the Orb.
     0 | D:1      | Reached XP level 1. HP: 10/10 MP: 3/3
   233 | D:1      | Reached XP level 2. HP: 15/15 MP: 3/5
   643 | D:2      | Found an opulent altar of Gozag.
   763 | D:2      | Reached XP level 3. HP: 15/19 MP: 1/6
   769 | D:2      | Learned a level 3 spell: Conjure Flame
   898 | D:2      | Noticed Sigmund
  1407 | D:2      | Reached XP level 4. HP: 24/24 MP: 5/8
  1473 | D:2      | Killed from afar by Sigmund

Skill      XL: |  1  2  3 |
---------------+----------+-----
Conjurations   | 2 |  2.0
Dodging        | |  1.5
Stealth        | |  2.1
Spellcasting   | |  2.9
Fire Magic     | |  3.8

Action                   |  1- 3 |  4- 6 || total
-------------------------+-------+-------++-------
Melee: Unarmed           |    22 |       ||    22
       Mace              |    16 |       ||    16
 Cast: Flame Tongue      |    42 |     6 ||    48
       Conjure Flame     |     1 |     1 ||     2
  Eat: Chunk             |     2 |       ||     2
Armor: Robe              |    19 |     1 ||    20
Dodge: Dodged            |    34 |     3 ||    37
